Unix NetHack Version 5.0.0-0 post-release - last build Jun 10 2026 00:39:30 (3ee93aec679c4c4259841fe613dc97188e26a321,branch:main).

Game began 2026-06-11 18:15:00, ended 2026-06-11 20:29:42.

Anarchos, lawful female dwarven Valkyrie

                                     --------          -----
      ---------------               #.....<..##########....`|
      |.............|                .......|##        |....|
      |..........o.d)@               |......|          |....|#############
      |`..[.........|o             * |......|          |....-##        --.---
      -----|---------             # #-......|          -.----##        |....|
          ##         o           ####|......|           ###############|....|
          #                #    # #  --.---.-             #           #|....|
        ###          o     #########  ####                #           #....)|
        #               #######         #                 #            ------
     ####              --.---.--        #                 ##
   --.--------         |.......-    ----.----|---          #
   |......[..|         |.......|   #|..{........|          ##
   |..........         |.......|   `).[.........|  # -------.-
   |.........|        #|.).....|   #|.....%%.....  ##-.......|
   |......)..|        #......).|   #-------------  # |.......|
   |.........|        #---------   ###[############# |.......|
   |..........#########                              ---------
   -----------

Anarchos the Skirmisher     St:15 Dx:13 Co:19 In:9 Wi:11 Ch:8  Lawful
Dlvl:7  $:115 HP:0(46) Pw:18(18) AC:-7 Xp:4 T:4108  Stressed

Latest messages:
 You see here a redwood wand.
 Your knapsack cannot accommodate any more items.
 You see here a redwood wand.
 What do you want to drop? [$a-zA-Z or ?*] q
 You drop an orcish helm.
 You have trouble lifting q - a redwood wand.
 You swap places with your large dog.
 You swap places with your large dog.
 The Uruk-hai zaps a long wand!
 The wand misses you.
 You miss the Uruk-hai.
 The Uruk-hai zaps a long wand!
 The wand misses you.
 The hill orc throws an orcish dagger!
 It is missed.
 The orcish dagger misses the Uruk-hai.
 An orcish dagger misses you.
 You hit the Uruk-hai!
 You miss the Uruk-hai.
 You miss the Uruk-hai.
 The Mordor orc shoots an arrow!
 The arrow misses the large dog.
 The arrow misses the little dog.
 An arrow misses you.
 The Uruk-hai zaps a long wand!
 The wand misses you.
 You miss the Uruk-hai.
 The Mordor orc shoots 2 poisoned orcish arrows!
 The 1st poisoned orcish arrow hits the little dog.
 The 2nd poisoned orcish arrow misses the little dog.
 The 2nd poisoned orcish arrow misses you.
 You hit the Uruk-hai!
 The little dog picks up a poisoned orcish arrow.
 You drop a bronze spellbook.
 You drop a spellbook of extra healing.
 The Mordor orc shoots 2 poisoned orcish arrows!
 The 1st poisoned orcish arrow hits the little dog.
 The 2nd poisoned orcish arrow hits the little dog.
 The little dog is killed!
 The Uruk-hai zaps a long wand!
 The wand misses you.
 The Mordor orc shoots 2 poisoned orcish arrows!
 The 1st poisoned orcish arrow misses the large dog.
 The 1st poisoned orcish arrow misses you.
 The 2nd poisoned orcish arrow hits the large dog.
 The Uruk-hai zaps a long wand!
 The wand hits you!
 You die...
 Do you want your possessions identified? [ynq] (y) y
 Do you want to see your attributes? [ynq] (y) q

Inventory:
 Coins    ('$')
  $ - 115 gold pieces
 Amulets  ('"')
  Q - an uncursed amulet of guarding (being worn)
  v - a blessed amulet of magical breathing
 Weapons  (')')
  p - a blessed poisoned +0 dart
  b - a +0 dagger (alternate weapon; not wielded)
  U - a cursed +0 dagger
  a - a corroded +1 dwarvish spear (weapon in right hand)
  x - a cursed +0 stiletto
 Armor    ('[')
  S - an uncursed +0 dented pot
  u - an uncursed rustproof +0 orcish helm
  C - an uncursed +0 orcish helm (being worn)
  W - an uncursed +0 orcish helm
  P - a blessed +0 pair of iron shoes
  h - an uncursed +0 pair of iron shoes (being worn)
  c - an uncursed +3 small shield (being worn)
  E - a blessed +2 orcish cloak (being worn)
  Z - an uncursed +0 splint mail (being worn)
 Comestibles  ('%')
  X - an uncursed slime mold
  j - an uncursed carrot
  d - 5 uncursed food rations
  e - 3 uncursed lichen corpses
 Scrolls  ('?')
  N - an uncursed scroll of confuse monster
  r - 2 uncursed scrolls of enchant weapon
  Y - an uncursed scroll of identify
  i - an uncursed scroll of punishment
  k - a cursed scroll of teleportation
 Potions  ('!')
  O - an uncursed potion of booze
  w - a blessed potion of confusion
  L - an uncursed potion of hallucination
  t - 4 blessed potions of healing
  l - 5 uncursed potions of healing
  s - 2 cursed potions of healing
  T - an uncursed potion of monster detection
  A - an uncursed potion of restore ability
  y - an uncursed potion of speed
  V - a potion of holy water
 Rings    ('=')
  J - an uncursed ring of free action
  H - a cursed ring of polymorph
 Wands    ('/')
  z - a wand of cancellation (0:6)
  F - a cursed wand of magic missile (0:5)
  f - a wand of probing (0:6)
  q - a wand of slow monster (0:4)
  M - a cursed wand of stasis (0:6)
 Tools    ('(')
  g - an uncursed leash
  R - an uncursed leash
  K - an uncursed lock pick
  o - a cursed magic whistle
  I - an uncursed skeleton key
  B - an uncursed tin whistle
 Gems/Stones  ('*')
  m - an uncursed worthless piece of green glass
  n - 3 uncursed worthless pieces of violet glass

Anarchos the Valkyrie's attributes:

Background:
 You were a Skirmisher, a level 4 dwarven Valkyrie.
 You were lawful, nominally on a mission for Tyr
 who was opposed by Odin (neutral) and Loki (chaotic).
 You were right-handed.
 You were in the Dungeons of Doom, on level 7.
 You entered the dungeon 4108 turns ago.
 You had 159 experience points, 1 more was needed to attain level 5.

Basics:
 You had 0 out of 46 hit points.
 You had all 18 energy points (spell power).
 Your armor class was -7.
 Your wallet contained 115 zorkmids.
 Autopickup was on for all types.

Final Characteristics:
 Your strength was 15 (limit:18/100).
 Your dexterity was 13 (limit:20).
 Your constitution was 19 (limit:20).
 Your intelligence was 9 (limit:16).
 Your wisdom was 11 (limit:16).
 Your charisma was 8 (limit:16).

Final Status:
 You weren't hungry.
 You were stressed; movement was moderately slowed.
 You were wielding a spear.
 You had basic skill with spear.

Final Attributes:
 You were piously aligned.
 You were cold resistant.
 You had infravision.
 You were stealthy.
 You had a small defense bonus (+2).
 You were protected.
 Your spell casting was impaired by metallic armor.
 You are dead.

Miscellaneous:
 You didn't encounter any bones levels.
 Total elapsed playing time was 2 hours, 5 minutes and 28 seconds.

Major events:
 Turn
    1: Anarchos the lawful dwarven Valkyrie entered the dungeon
  899: attained the rank of Skirmisher (level 3)
 4108: killed by a wand

Spells:
 Name                 Level Category     Fail Retention
 extra healing          3   healing      100%  76%-100%

Skills:
 Fighting Skills
   bare handed combat [Unskilled]
   two weapon combat  [Unskilled]
   riding             [Unskilled]
 Weapon Skills
   dagger             [Basic]
   axe                [Unskilled]
   pick-axe           [Unskilled]
   short sword        [Unskilled]
   broadsword         [Unskilled]
   long sword         [Unskilled]
   two-handed sword   [Unskilled]
   saber              [Unskilled]
   hammer             [Unskilled]
   quarterstaff       [Unskilled]
   polearms           [Unskilled]
   spear              [Basic]
   trident            [Unskilled]
   lance              [Unskilled]
   sling              [Unskilled]
 Spellcasting Skills
   attack spells      [Unskilled]
   escape spells      [Unskilled]

Voluntary challenges:
 Character rerolling was not enabled.
 You were an atheist.
 You never genocided any monsters.
 You never polymorphed an object.
 You never changed form.
 You used no wishes.
Achievements:
 You entered a shop.
 You attained the rank of Skirmisher.

 The Dungeons of Doom: levels 1 to 7
    Level 1:
    Level 2:
       A general store.
    Level 3:
       A food shop.
    Level 4:
    Level 5:
       A weapon shop.
    Level 6:
       A food shop.
    Level 7: <- You were here.
       A fountain.
       Final resting place for
          you, killed by a wand.


Vanquished creatures:
  a small mimic
  4 Uruk-hai
  a rock piercer
  a rock mole
  a yellow light
  a shrieker
  a gnome leader
  a gray ooze
  a straw golem
  a little dog
  a floating eye
  a kitten
  a homunculus
  a kobold shaman
  3 hill orcs
  a rothe
  2 rabid rats
  a monkey
  3 orc zombies
  a dwarf zombie
  2 wererats
  4 iguanas
  2 acid blobs
  a coyote
  2 manes
  2 hobgoblins
  a cave spider
  a gnome
  3 geckos
  7 jackals
  4 goblins
  4 sewer rats
  3 lichens
  6 newts
70 creatures vanquished.

No species were genocided or became extinct.

Game over:
                       ----------
                      /          \
                     /    REST    \
                    /      IN      \
                   /     PEACE      \
                  /                  \
                  |     Anarchos     |
                  |      115 Au      |
                  | killed by a wand |
                  |                  |
                  |                  |
                  |                  |
                  |       2026       |
                 *|     *  *  *      | *
        _________)/\\_//(\/(/\)/\//\/|_)_______

Farvel Anarchos the Valkyrie...

You died in The Dungeons of Doom on dungeon level 7 with 1050 points,
and 115 pieces of gold, after 4108 moves.
You were level 4 with a maximum of 46 hit points when you died.

